 Dungeon Crawl Stone Soup version 0.27.1-34-g3ba077fa99 (webtiles) character file.

Game seed: 7948530430262533139

36 Thatpatchoflichen the Cutter (level 3, -2/23 HPs)
             Began as a Kobold Gladiator on Jan 24, 2022.
             Frozen to death by an endoplasm (5 damage)
             ... on level 1 of the Dungeon.
             The game lasted 00:02:33 (981 turns).

Thatpatchoflichen the Cutter (Kobold Gladiator)      Turns: 981, Time: 00:02:34

Health: -2/23      AC:  4    Str: 11    XL:     3   Next: 57%
Magic:  3/3        EV: 15    Int:  9    God:
Gold:   91         SH:  0    Dex: 17    Spells: 2/2 levels left

rFire    . . .     SeeInvis .   a - +0 rapier
rCold    . . .     Faith    .   (shield restricted)
rNeg     . . .     Spirit   .   b - +0 leather armour
rPois    .         Reflect  .   c - +0 helmet
rElec    .         Harm     .   (no cloak)
rCorr    .         Rampage  .   (no gloves)
Will     .....                  (no boots)
Stlth    +++.......             (no amulet)
HPRegen  0.07/turn              (no ring)
MPRegen  0.08/turn              (no ring)

@: no status effects
A: small, no large weapons, nightstalker 3
a: no special abilities


You were on level 1 of the Dungeon.
You visited 1 branch of the dungeon, and saw 1 of its levels.

You collected 91 gold pieces.

Inventory:

Hand Weapons
 a - a +0 rapier (weapon)
Missiles
 d - 3 throwing nets (quivered)
 h - 12 poisoned darts
Armour
 b - a +0 leather armour (worn)
 c - a +0 helmet (worn)
Scrolls
 e - 2 scrolls of identify {unknown}
 g - a scroll of blinking {unknown}
Potions
 f - a potion of flight {unknown}


   Skills:
 + Level 3.1 Fighting
 - Level 4.0 Short Blades
 - Level 2.1 Throwing
 - Level 4.0 Dodging
 + Level 2.6 Stealth


You had 2 spell levels left.
You didn't know any spells.
Your spell library was empty.

Dungeon Overview and Level Annotations

Branches:
Dungeon (1/15)

Altars:


Innate Abilities, Weirdness & Mutations

You are small and have problems with some larger weapons.
You are completely attuned to the shadows.


Message History

You hit the rat.
The rat is heavily wounded.
The rat bites you.
You completely miss the rat.
The rat is heavily wounded.
You hit the rat but do no damage.
The rat is heavily wounded.
The rat barely misses you. The jelly completely misses you.
The jelly hits you but does no damage.
The rat twitches its whiskers.
The rat barely misses you.
There is a fountain of clear blue water here.
There is an open door here.
You hit the rat.
You kill the rat!
The jackal barely misses you. The jackal misses you.
The jackal bites you but does no damage.
The jackal closely misses you.
You closely miss the jackal. The jackal closely misses you.
You hit the jackal.
The jackal is almost dead.
The jackal closely misses you. The jackal bites you.
The giant cockroach closely misses you. The jackal misses you.
You puncture the jackal!
You kill the jackal!
The giant cockroach closely misses you.
You hit the giant cockroach.
The giant cockroach is severely wounded.
The giant cockroach closely misses you. The giant cockroach misses you.
You hit the giant cockroach.
You kill the giant cockroach!
The endoplasm freezes you.
You are frozen.
The jelly hits you.
You are splashed with acid!
* * * LOW HITPOINT WARNING * * *
You see here 22 sling bullets.
The endoplasm barely misses you. The endoplasm freezes you.
You are frozen.
You die...

###########.......###.# #.##.#
.## #.......# #.# #.##.# ..###
####.#### #.#####.##.# #...# #.#
#...##..##.# ###.# #.#
###.#.##.###.# #.# #.#
#.#.#.##.# #.# #.# #.#
#.#.#....# #.#
#.##########.####.#.###..# #.# #
#)...........J@...#.# #..# #.#
#####..######J######..###### #.#
.####............J.....##### #.#
......#####.#######........###.#
.†.......(.....J.....##.#####..#
#......J#######.....###.## ##.##
..#....#######..##### #..###..#
#.....## #.....## ##.##..##
#.#.#.# ##.##### #.##.##


You could see a jelly and an endoplasm.

Vanquished Creatures
  3 bats (D:1)
  3 endoplasms (D:1)
  5 giant cockroaches (D:1)
  4 hobgoblins (D:1)
  2 jackals (D:1)
  A kobold (D:1)
  4 quokkas (D:1)
  2 frilled lizards (D:1)
  7 rats (D:1)
31 creatures vanquished.

Notes
Turn   | Place    | Note
-------+----------+-------------------------------------------
     0 | D:1      | Thatpatchoflichen the Kobold Gladiator began the quest for
                  | the Orb.
     0 | D:1      | Reached XP level 1. HP: 12/12 MP: 1/1
     1 | D:1      | Found a runed translucent door.
    55 | D:1      | Found a faded altar of an unknown god.
   111 | D:1      | Reached skill level 1 in Stealth
   111 | D:1      | Reached XP level 2. HP: 14/18 MP: 2/2
   460 | D:1      | Reached XP level 3. HP: 17/22 MP: 3/3
   981 | D:1      | Frozen to death by an endoplasm

Illustrated notes

Levels and vault maps discovered:
D:1:      dpeg_arrival_caged_fury, layout_rooms,
          shapermc_ecumenical_altar_totnotflames

Skill      XL: |  1  2  3 |
---------------+----------+-----
Stealth        | 1 2 |  2.6
Dodging        | 4 |  4.0
Fighting       | 3 |  3.1
Short Blades   | |  4.0
Throwing       | |  2.1

Action                   || total
-------------------------++-------
Melee: Rapier            ||    97
 Stab: Sleeping          ||     4
Armor: Leather armour    ||    25
Dodge: Dodged            ||   105
